 Dungeon Crawl Stone Soup version 0.31-a0-221-gbddc013574 (webtiles) character file.

Game seed: 11142558445983381399

459 porpoise the Skirmisher (level 7, -2/44 HPs)
             Began as a Kobold Hunter on July 5, 2023.
             Slain by Edmund
             ... wielding a +5 flail of holy wrath
              (11 damage)
             ... on level 4 of the Dungeon.
             The game lasted 00:08:25 (3130 turns).

porpoise the Skirmisher (Kobold Hunter)             Turns: 3130, Time: 00:08:25

Health: -2/44      AC:  5    Str:  8    XL:     7   Next: 27%
Magic:  7/7        EV: 14    Int: 10    God:
Gold:   116        SH:  0    Dex: 21    Spells: 6/6 levels left

rFire   . . .        a - +0 shortbow
rCold   . . .        (shield currently unavailable)
rNeg    . . .        c - +0 leather armour
rPois   .            (no helmet)
rElec   .            j - +0 cloak
rCorr   .            (no gloves)
SInv    .            e - +0 pair of boots
Will    .....        (no amulet)
Stlth   ++++         (no ring)
HPRegen 0.27/turn    (no ring)
MPRegen 0.10/turn

%: no passive effects
@: studying Polearms
A: small, no large weapons, nightstalker 3
a: no special abilities


You were on level 4 of the Dungeon.
You visited 1 branch of the dungeon, and saw 4 of its levels.

You collected 166 gold pieces.
You spent 50 gold pieces at shops.

Inventory:

Hand Weapons
 a - a +0 shortbow (weapon)
 b - a +2 trident of freezing
Missiles
 d - 5 boomerangs
Armour
 c - a +0 leather armour (worn)
 e - a +0 pair of boots (worn)
 j - a +0 cloak (worn)
 n - an orb of light
 r - an orb of light
Scrolls
 h - a scroll of fear
 k - a scroll of butterflies
 l - a scroll of teleportation
 o - a scroll of revelation {unknown}
 q - a scroll of enchant armour {unknown}
 s - a scroll of amnesia {unknown}
Potions
 f - 2 potions of curing
 g - a potion of resistance
 i - 2 potions of lignification
 m - a potion of attraction
 p - a potion of might {unknown}


   Skills:
 + Level 4.4 Fighting
 * Level 8.5 Ranged Weapons
 - Level 2.4 Dodging
 + Level 5.1 Stealth


You had 6 spell levels left.
You didn't know any spells.
Your spell library contained the following spells:

 Spells                   Type           Power      Damage    Failure   Level
 Foxfire                  Conj/Fire      0%         2x1d4     50%         1
 Shock                    Conj/Air       0%         1d3       50%         1
 Swiftness                Air            0%         N/A       86%         3
 Volatile Blastmotes      Fire/Tloc      0%         2d10      86%         3
 Airstrike                Air            0%         2d(0-16)  99%         4
 Fulminant Prism          Conj/Hex       0%         3d5       99%         4
 Iskenderun's Mystic Bla  Conj/Tloc      0%         2d3       99%         4
 Summon Lightning Spire   Summ/Air       0%         N/A       99%         4
 Arcjolt                  Conj/Air       0%         1d10      100%        5
 Fireball                 Conj/Fire      0%         3d3       100%        5
 Lee's Rapid Deconstruct  Erth           0%         3d4*      100%        5
 Summon Mana Viper        Hex/Summ       0%         N/A       100%        5
 Plasma Beam              Fire/Air       0%         2x1d10    100%        6
 Starburst                Conj/Fire      0%         6d3       100%        6


Dungeon Overview and Level Annotations

Branches:
Dungeon (4/15)
 Temple: D:4-7

Altars:
Fedhas

Shops:
D:1 *

Annotations:
D:4 Edmund


Innate Abilities, Weirdness & Mutations

You are small and have problems with some larger weapons.
You are completely attuned to the shadows.


Message History

Edmund hits you with a +5 flail of holy wrath!
You shoot an arrow. The arrow hits Edmund!
Edmund is moderately wounded.
Edmund hits you with a +5 flail of holy wrath!
You are too injured to fight recklessly!
You shoot an arrow.
The arrow hits Edmund but does no damage.
Edmund is moderately wounded.
Edmund closely misses you.
You shoot an arrow. The arrow closely misses Edmund.
Edmund hits you with a +5 flail of holy wrath.
You shoot an arrow.
The arrow hits Edmund but does no damage.
Edmund is moderately wounded.
Edmund misses you.
You shoot an arrow. The arrow hits Edmund.
Edmund is moderately wounded.
Edmund hits you with a +5 flail of holy wrath.
* * * LOW HITPOINT WARNING * * *
You shoot an arrow. The arrow hits Edmund.
Edmund is heavily wounded.
Edmund closely misses you.
You shoot an arrow. The arrow barely misses Edmund.
Edmund closely misses you.
You shoot an arrow. The arrow hits Edmund.
Edmund is heavily wounded.
Edmund hits you with a +5 flail of holy wrath.
* * * LOW HITPOINT WARNING * * *
You shoot an arrow. The arrow hits Edmund!
Edmund is severely wounded.
Edmund hits you but does no damage.
You feel better. Edmund barely misses you.
You shoot an arrow. The arrow hits Edmund!
Edmund is almost dead.
Edmund barely misses you.
Edmund hits you with a +5 flail of holy wrath.
* * * LOW HITPOINT WARNING * * *
You shoot an arrow. The arrow hits Edmund!
Edmund is almost dead.
Edmund hits you with a +5 flail of holy wrath!
You die...

##.....#
#.....
####..#
##.....
#..#
#......
#..#
#......
#..#
#......
#..#
##.....
#..#
##.####
#..# #..#
# #.@#
##.##
#.@....
#..#
#.......
##.######
#........
##..#.....
.........
#.........
#..#......
#.######.#
### ###


You could see Edmund.

Vanquished Creatures
  A phantom (D:4)
  A centaur zombie (D:3)
  Jessica (D:3)
  Natasha (D:4)
  An iguana (D:4)
  An orc wizard (D:3)
  A hound zombie (D:3)
  4 gnolls (D:3)
  A howler monkey skeleton (D:3)
  11 adders
  An adder skeleton (D:3)
  3 dart slugs
  4 orcs (D:3)
  12 ball pythons
  4 endoplasms
  3 giant cockroaches
  9 goblins
  5 hobgoblins
  3 jackals (D:2)
  A quokka (D:1)
  10 bats
  2 frilled lizards
  A jackal zombie (D:3)
  6 kobolds
  12 rats
99 creatures vanquished.

Notes
Turn   | Place    | Note
-------+----------+-------------------------------------------
     0 | D:1      | porpoise the Kobold Hunter began the quest for the Orb.
     0 | D:1      | Reached XP level 1. HP: 12/12 MP: 1/1
   180 | D:1      | Reached XP level 2. HP: 13/18 MP: 2/2
   417 | D:1      | Found Iblav's Assorted Antiques.
   464 | D:1      | Bought a bubbling dark potion for 16 gold pieces
   464 | D:1      | Bought a smoky sapphire potion for 16 gold pieces
   464 | D:1      | Bought a scroll labelled GELYMU GUQIYSK for 18 gold pieces
   681 | D:1      | Reached XP level 3. HP: 22/22 MP: 3/3
   926 | D:1      | Reached skill level 6 in Ranged Weapons
  1159 | D:2      | Reached XP level 4. HP: 25/27 MP: 4/4
  1537 | D:3      | Reached XP level 5. HP: 23/32 MP: 5/5
  1595 | D:3      | Found a blossoming altar of Fedhas.
  1682 | D:3      | Got the Tractate on Damage and Formation
  1719 | D:3      | Reached skill level 7 in Ranged Weapons
  1852 | D:3      | Reached XP level 6. HP: 35/38 MP: 6/6
  1904 | D:3      | Found a faded altar of an unknown god.
  1993 | D:3      | Noticed Jessica
  2002 | D:3      | Killed Jessica
  2616 | D:3      | Reached skill level 8 in Ranged Weapons
  2926 | D:4      | Reached XP level 7. HP: 43/44 MP: 7/7
  3033 | D:4      | Noticed Natasha
  3036 | D:4      | Killed Natasha
  3037 | D:4      | Reached skill level 5 in Stealth
  3112 | D:4      | Noticed Edmund
  3130 | D:4      | Slain by Edmund

Illustrated notes

Levels and vault maps discovered:
D:1:      minmay_arrival_five_plusses, layout_loops_corners, serial_shops,
          nicolae_shop_tiny_glass, glass_columns_a
D:2:      minmay_evil_eye, layout_rooms
D:3:      layout_loops_ring, lemuel_tele_altar, serial_undead, serial_undead_a,
          serial_undead_f, serial_undead_d, serial_undead_b,
          basic_ecumenical_altar, minmay_circle_x, uniq_jessica
D:4:      layout_cave_pods, uniq_natasha, uniq_edmund, uniq_crazy_yiuf_cottage

Skill      XL: |  1  2  3  4  5  6  7 |
---------------+----------------------+-----
Stealth        | 2 3 4 5 |  5.1
Ranged Weapons | 6 7 8 |  8.5
Fighting       | 3 4 |  4.4
Dodging        | |  2.4

Action                     |  1- 3 |  4- 6 |  7- 9 || total
---------------------------+-------+-------+-------++-------
  Melee: Shortbow          |       |     5 |       ||     5
         Trident           |       |     7 |       ||     7
   Fire: Shortbow          |    96 |   179 |    27 ||   302
    Use: Scroll            |     3 |     4 |       ||     7
         Potion            |       |       |     1 ||     1
 Armour: Leather armour    |    12 |    29 |     1 ||    42
  Dodge: Dodged            |    27 |    95 |     8 ||   130

Table legend: (Time is in decaauts)
 A = Elapsed time spent in this place.
 B = Non-inter-level travel time spent in this place.
 C = Inter-level travel time spent in this place.
 D = Time resting spent in this place.
 E = Time spent auto-exploring this place.
 F = Levels seen in this place.
 G = Mean time per level.
                   A        B        C        D        E       F      G
               +--------+--------+--------+--------+--------+-----+--------+
         Total |   3164 |   3090 |     74 |    367 |   2157 |   4 |  791.0 |
       Dungeon |   3164 |   3090 |     74 |    367 |   2157 |   4 |  791.0 |
               +--------+--------+--------+--------+--------+-----+--------+

Top non-repeatable levels by time:
     D:3: 1257 daAuts
     D:1: 1001 daAuts
     D:2: 513 daAuts
     D:4: 390 daAuts
